 Dungeon Crawl Stone Soup version 0.19.5 (webtiles) character file.

35 McKennaii the Gusty (level 3, -2/21 HPs)
             Began as a High Elf Air Elementalist on Apr 21, 2017.
             Slain by Natasha (5 damage)
             ... on level 2 of the Dungeon.
             The game lasted 00:03:07 (1048 turns).

McKennaii the Gusty (High Elf Air Elementalist)     Turns: 1048, Time: 00:03:08

Health: -2/21      AC:  6    Str:  7    XL:     3   Next: 17%
Magic:  1/8        EV: 12    Int: 19    God:
Gold:   94         SH:  0    Dex: 13    Spells: 3 memorised, 3 levels left

rFire  . . .     SeeInvis .     (no weapon)
rCold  . . .     Gourm    .     j - +0 leather armour (curse)
rNeg   . . .     Faith    .     (no shield)
rPois  .         Spirit   .     i - +1 hat
rElec  .         Reflect  .     (no cloak)
rCorr  .         Harm     .     g - +0 pair of gloves
MR     +....                    p - +0 pair of boots
Stlth  ++........               (no amulet)
                                k - -3 ring of dexterity (curse)
                                e - ring of protection from magic

@: very slightly contaminated, slowed, repel missiles, very slow
A: no striking features
a: no special abilities


You were on level 2 of the Dungeon.
You were not hungry.

You visited 1 branch of the dungeon, and saw 2 of its levels.

You collected 94 gold pieces.

Inventory:

Armour
 a - a +0 robe
 g - a +0 pair of gloves (worn)
 i - a +1 hat (worn)
 j - a cursed +0 leather armour (worn)
 p - a +0 pair of boots (worn)
Jewellery
 e - a ring of protection from magic (left hand)
 k - a cursed -3 ring of dexterity (right hand)
Scrolls
 l - a scroll of identify {unknown}
 n - a scroll of noise {unknown}
 o - a scroll of teleportation {unknown}
Books
 b - a book of Air

   Spells                             Type                      Level
   a - Shock                          Conjuration/Air              1
   b - Swiftness                      Charms/Air                   2
   c - Repel Missiles                 Charms/Air                   2
   d - Static Discharge               Conjuration/Air              3
   e - Lightning Bolt                 Conjuration/Air              5
Comestibles
 c - 2 bread rations
 h - a meat ration
 m - a royal jelly


   Skills:
 + Level 2.5 Dodging
 + Level 2.2 Stealth
 + Level 3.0 Spellcasting
 + Level 1.2 Conjurations
 + Level 4.4 Air Magic


You had 3 spell levels left.
You knew the following spells:

 Your Spells              Type           Power        Failure   Level  Hunger
a - Shock                 Conj/Air       ##..         10%         1    None
b - Swiftness             Chrm/Air       ##......     14%         2    ##.....
c - Repel Missiles        Chrm/Air       ##....       14%         2    ##.....


Dungeon Overview and Level Annotations

Branches:
Dungeon (2/15)

Altars:
Kikubaaqudgha

Annotations:
D:2 Natasha


Message History

* * * LOW HITPOINT WARNING * * *
Casting: Shock
Confirm with . or Enter, or press ? or * to list all spells.
Aiming: Shock
Press: ? - help, Shift-Dir - straight line The zap hits Natasha.
Natasha resists.
Natasha is almost dead.
The zap hits Natasha.
Natasha completely resists.
Natasha is almost dead.
Natasha closely misses you.
Casting: Shock
Confirm with . or Enter, or press ? or * to list all spells.
Aiming: Shock
Press: ? - help, Shift-Dir - straight line You miscast Shock.
You are very lightly contaminated with residual magic.
You feel electric!
Natasha hisses.
Natasha claws you.
You die...

..#..# #.#.#.#..# ## # #.#.#.#..#
#. #.#.#.#.#..# .##.#######.
##.#.#.#.#..#..##.........
..........!...##..######.
#.#...................##.
#.#..##h####......#....#.
#.......@................
###########).....................
.................................
#######.........###..............
# #.........###.#..#...####.. #
#................#......... #
#.........###.#..#...####.)
###############.## ..#...# #.8
.........# #..# .....# #..


You could see Natasha.

Vanquished Creatures
  2 oozes (D:1)
  A dart slug (D:2)
  3 leopard geckos
  4 bats
  2 goblins
  3 hobgoblins
  A ball python (D:2)
  A frilled lizard (D:1)
  2 kobolds (D:2)
  3 rats (D:1)
22 creatures vanquished.

Notes
Turn   | Place    | Note
-------+----------+-------------------------------------------
     0 | D:1      | McKennaii the High Elf Air Elementalist began the quest for the Orb.
     0 | D:1      | Reached XP level 1. HP: 11/11 MP: 4/4
    87 | D:1      | Reached skill level 4 in Air Magic
   155 | D:1      | Reached XP level 2. HP: 17/17 MP: 3/6
   159 | D:1      | Learned a level 2 spell: Swiftness
   162 | D:1      | Learned a level 2 spell: Repel Missiles
   657 | D:2      | Found a faded altar of an unknown god.
   728 | D:2      | Found an ancient bone altar of Kikubaaqudgha.
   767 | D:2      | Reached XP level 3. HP: 21/21 MP: 4/8
  1037 | D:2      | Noticed Natasha
  1048 | D:2      | Slain by Natasha

Skill      XL: |  1  2  3 |
---------------+----------+-----
Air Magic      | 4 |  4.4
Spellcasting   | 3 |  3.0
Dodging        | |  2.5
Stealth        | |  2.2
Conjurations   | |  1.2

Action                   || total
-------------------------++-------
Melee: Unarmed           ||     4
 Cast: Shock             ||    53
       Repel Missiles    ||     1
  Use: Potion            ||     3
       Scroll            ||     2
Armor: Robe              ||     1
       Leather armour    ||     1
Dodge: Dodged            ||    11
